[Event "*** Titled Tuesday Blitz"]
[Site "Chess.com"]
[Date "2021.03.09"]
[Round "4"]
[White "kubal123"]
[Black "jraosam"]
[Result "0-1"]
[WhiteElo "2267"]
[BlackElo "1907"]
[TimeControl "180+1"]
[EndTime "10:41:43 PST"]
[Termination "jraosam won by resignation"]

1. d4 e6 2. Bf4 d5 3. e3 Bd6 4.
Bg3 Nf6 5. Nf3 Ne4 6. Bh4 Be7 7. Bxe7 Qxe7 8. Nbd2 Nxd2 9. Qxd2 c5 10. dxc5 Qxc5 11.
Qd4 Qa5+ 12. c3 O-O 13. Bd3 Nc6 14. Qh4 h6 15. O-O e5 16. e4 d4 17. cxd4 Nxd4 18.
Nxd4 exd4 19. f4 Qd2 20. Rad1 Qxb2 21. e5 f5 22. Bc4+ Kh8 23. Rd3 Bd7 24. Qe7 Bc6 25. Rg3 Rg8 26. Bxg8 Rxg8 27. Qd6 Bb5 28. Rd1 d3 29. e6 Qe2 30. Rb1 d2 31. Rg6 Bd3 32.
e7 d1=Q+ 33. Rxd1 Qxd1+ 34. Kf2 Qf1+ 35. Kg3 Qe1+ 36. Kh3 Kh7 37. Re6 Qd1 38. Rg6 Qh5+ 39. Kg3 Qxg6+ 40. Qxg6+ Kxg6 41. Kf2 Re8 42. Ke3 Bc4 43. Kd4 0-1

[Event "*** Titled Tuesday Blitz"]
[Site "Chess.com"]
[Date "2021.03.09"]
[Round "4"]
[White "NiranjanNavalgund"]
[Black "seorobert1971"]
[Result "0-1"]
[WhiteElo "2453"]
[BlackElo "2723"]
[TimeControl "180+1"]
[EndTime "10:41:45 PST"]
[Termination "seorobert1971 won by resignation"]

1. e4 c6 2. Nc3 d5 3. Nf3 dxe4 4. Nxe4 Nd7 5. d4 Ngf6 6. Ng3 g6 7. h4 h6 8. Bf4 Bg7 9. Bc4 Nd5 10. Bd2 N7b6 11. Bb3 Bg4 12. c4 Nf6 13. Bc3 Nh5 14. Nxh5 Bxh5 15.
Qd3 Bxf3 16. gxf3 e6 17. O-O-O h5 18. Kb1 O-O 19. Rhg1 a5 20. d5 Bxc3 21. Qxc3 cxd5 22. c5 Nd7 23. Bc2 Qf6 24. Qe3 Ne5 25. Rg5 Nc4 26.
Qc1 Rfc8 27. Rdg1 Rxc5 28. Rxh5 Rac8 29. b3 Nd6 30. Qh6 Rxc2 31. Qh7+ Kf8 32. Qh8+ Qxh8 33. Rxh8+ Kg7 34. Rxc8 Rxc8 35. h5 Nf5 36. hxg6 fxg6 37.
Re1 Kf6 38. f4 b5 39. Rh1 Rc3 40. Rh7 Rf3 41. Rb7 Nd4 42. a4 b4 43. f5 gxf5 44.
Ra7 Rxf2 45. Rh7 f4 46. Rh6+ Ke5 47. Rh1 f3 48. Re1+ Re2 49. Rh1 f2 50. Rd1 Re1 0-1

[Event "*** Titled Tuesday Blitz"]
[Site "Chess.com"]
[Date "2021.03.09"]
[Round "4"]
[White "Fandorine"]
[Black "deribas12345"]
[Result "1-0"]
[WhiteElo "2888"]
[BlackElo "2542"]
[TimeControl "180+1"]
[EndTime "10:41:45 PST"]
[Termination "Fandorine won by resignation"]

1. Nf3 c5 2. c4 Nf6 3. b3 g6 4. Bb2 Bg7 5. g3 O-O 6. Bg2 d6 7. d4 cxd4 8. Nxd4 Nbd7 9. O-O Nc5 10. Nc3 a6 11. e4 Bg4 12. Qd2 Qd7 13. Rfe1 Bh3 14. f3 Rad8 15. Rad1 Bxg2 16. Kxg2 Ne6 17. a4 Nc5 18. Qc2 Rc8 19. Nd5 Nxd5 20. exd5 Bf6 21. Re3 Qc7 22. Bc3 Rfe8 23. Rde1 Qb6 24. a5 Qc7 25. Nf5 Bg5 26. f4 gxf5 27. fxg5 Ne4 28.
Rxe4 fxe4 29. Rxe4 e5 30. Rh4 f5 31. gxf6 Qf7 32.
Qf5 Kh8 33. Rg4 Rg8 34. Rg7 Rxg7 35. fxg7+ Kxg7 36. Qxc8 Qg6 37. Qd7+ Kg8 38. Qe6+ 1-0

[Event "*** Titled Tuesday Blitz"]
[Site "Chess.com"]
[Date "2021.03.09"]
[Round "4"]
[White "pavelalexandru07"]
[Black "dodorox"]
[Result "1-0"]
[WhiteElo "2311"]
[BlackElo "2121"]
[TimeControl "180+1"]
[EndTime "10:41:45 PST"]
[Termination "pavelalexandru07 won on time"]

1. e4 e6 2. d4 d5 3. Nc3 Nf6 4. Bg5 dxe4 5. Nxe4 Be7 6. Bxf6 gxf6 7. Nf3 f5 8. Nc3 a6 9. g3 b5 10. Bg2 Bb7 11.
O-O Qd6 12. Re1 Nd7 13. d5 e5 14. a3 O-O-O 15. Bh3 Kb8 16. Bxf5 Nb6 17. Nxe5 Rhf8 18.
Nc6+ Bxc6 19. dxc6 Qh6 20. Qf3 Bd6 21. Ne4 Nc4 22.
b3 Ne5 23. Qg2 Qh5 24. Nxd6 Nf3+ 25. Kh1 Nxe1 26. Rxe1 Rxd6 27. Bd7 Qd5 28. f3 Qd2 29. Qf1 Qxc2 30. a4 Rd2 31. axb5 Rxh2+ 32. Kg1 Rg8 33. g4 1-0

[Event "*** Titled Tuesday Blitz"]
[Site "Chess.com"]
[Date "2021.03.09"]
[Round "4"]
[White "bakki78"]
[Black "OriTaichman"]
[Result "1-0"]
[WhiteElo "2779"]
[BlackElo "2529"]
[TimeControl "180+1"]
[EndTime "10:41:46 PST"]
[Termination "bakki78 won on time"]

1. e4 c5 2. Nf3 Nc6 3. Bb5 d6 4. O-O Bd7 5. Re1 Nf6 6. c3 a6 7. Bc4 b5 8. Bf1 Bg4 9. a4 b4 10. d4 Bxf3 11. gxf3 e5 12. dxc5 dxc5 13. Qxd8+ Kxd8 14. Bc4 Ra7 15. a5 Bd6 16. Nd2 Ke7 17. Bd5 Rc8 18.
Nc4 Nd8 19. f4 Nd7 20. Be3 exf4 21. Nxd6 Kxd6 22. Bxf4+ Ke7 23. Rad1 Ne6 24. Bg3 g5 25. Bc4 Rc6 26. Rd5 f6 27. e5 f5 28. Rd6 Nd8 29. f4 h6 30. Red1 Rxd6 31. Rxd6 Nf8 32. Rxh6 Rd7 33. fxg5 Rd1+ 34. Kf2 Rd2+ 35. Ke3 Rxb2 36. cxb4 cxb4 37. Rxa6 b3 38. Rb6 Ra2 39. a6 Nd7 40. Rxb3 Nc5 41. Rb5 Rxa6 42. Rxc5 Ra3+ 43. Kf4 Ra4 44. Kxf5 Kf8 45. Rc7 1-0

[Event "*** Titled Tuesday Blitz"]
[Site "Chess.com"]
[Date "2021.03.09"]
[Round "4"]
[White "AlexSuv"]
[Black "Kostukov_Alex"]
[Result "1-0"]
[WhiteElo "2525"]
[BlackElo "2319"]
[TimeControl "180+1"]
[EndTime "10:41:46 PST"]
[Termination "AlexSuv won on time"]

1. d4 g6 2. c4 Bg7 3. Nf3 d6 4. Nc3 e5 5. dxe5 dxe5 6. Qxd8+ Kxd8 7. Bg5+ f6 8. O-O-O+ Nd7 9. Be3 Bh6 10. Bxh6 Nxh6 11. e3 c6 12. h3 Ke7 13. g4 Nf7 14. Ne4 h6 15. c5 f5 16. gxf5 gxf5 17. Nd6 Nxc5 18. Nxf7 Kxf7 19. Nxe5+ Kf6 20. Nc4 Ne4 21. Rh2 Be6 22. f3 Ng5 23. Rf2 Rad8 24. Rxd8 Rxd8 25.
h4 Nf7 26. b3 Bxc4 27. Bxc4 Ne5 28. Be2 Nd3+ 29. Bxd3 Rxd3 30. Re2 Ke5 31. Kc2 Rd7 32. Rg2 a5 33. Rg6 Rd6 34. Rg7 b5 35. Rh7 Rg6 36.
Kd3 Rd6+ 37. Kc3 1-0

[Event "*** Titled Tuesday Blitz"]
[Site "Chess.com"]
[Date "2021.03.09"]
[Round "4"]
[White "MrrRefrao"]
[Black "ChessWarrior3"]
[Result "1-0"]
[WhiteElo "2402"]
[BlackElo "2103"]
[TimeControl "180+1"]
[EndTime "10:41:46 PST"]
[Termination "MrrRefrao won on time"]

1. e4 c5 2. Nf3 d6 3. Nc3 Nf6 4. d4 cxd4 5. Nxd4 a6 6. Bg5 e6 7.
f4 h6 8. Bxf6 Qxf6 9. Qd2 Be7 10.
O-O-O b5 11. Nf3 Bb7 12. Kb1 O-O 13. e5 dxe5 14. fxe5 Qg6 15. Bd3 Qh5 16. Ne4 Nc6 17.
Ng3 Qg4 18. Qe2 Rad8 19. Be4 Rxd1+ 20. Rxd1 Rc8 21. Rd7 Ba8 22. Bxc6 Bxc6 23. Rxe7 Rd8 24. Rc7 Bxf3 25. gxf3 Qf4 26. a3 Rd2 27. Qe4 Rd1+ 28. Ka2 Qxe4 29. Nxe4 Rh1 30. Rc8+ Kh7 31. Nc5 Rxh2 32.
Nd7 1-0

[Event "*** Titled Tuesday Blitz"]
[Site "Chess.com"]
[Date "2021.03.09"]
[Round "4"]
[White "Michaelson_11"]
[Black "WilliamSchill"]
[Result "0-1"]
[WhiteElo "2269"]
[BlackElo "2035"]
[TimeControl "180+1"]
[EndTime "10:41:46 PST"]
[Termination "WilliamSchill won by resignation"]

1. e4 c5 2. Nc3 Nc6 3. Bb5 g6 4. Bxc6 dxc6 5. f4 Nf6 6. Nf3 Bg7 7. d3 O-O 8. Be3 b6 9. O-O Ng4 10. Bd2 Bd4+ 11. Kh1 Nf2+ 12. Rxf2 Bxf2 13. Qe2 Bd4 14.
e5 Bg4 15. Rf1 Qd7 16. Ne4 Bxb2 17. h3 Bxf3 18. Qxf3 f5 19. exf6 exf6 20. Rb1 Bd4 21. g4 f5 22. Ng3 fxg4 23. hxg4 Rae8 24. f5 Qd5 25. Ne4 gxf5 26. gxf5 Rxf5 27. Rg1+ Kh8 28.
Qg4 Rg8 29. Qxg8+ Qxg8 30. Rxg8+ Kxg8 31. Kg2 h5 32. Be1 a5 33. Kh3 Rf1 34. Bd2 Ra1 35.
Kh4 Rxa2 36. c3 Rxd2 37. Nxd2 Bxc3 38. Nc4 b5 39. Nd6 a4 40. Ne4 Bb4 41. Kg5 a3 0-1

[Event "*** Titled Tuesday Blitz"]
[Site "Chess.com"]
[Date "2021.03.09"]
[Round "4"]
[White "MrTattaglia"]
[Black "KhamzinOlzhas"]
[Result "1-0"]
[WhiteElo "2886"]
[BlackElo "2541"]
[TimeControl "180+1"]
[EndTime "10:41:47 PST"]
[Termination "MrTattaglia won by resignation"]

1. d4 Nf6 2. c4 e6 3. Nc3 Bb4 4. e3 O-O 5. Ne2 Re8 6. a3 Bf8 7. Ng3 d5 8. Bd3 c5 9. dxc5 dxc4 10. Bxc4 Qxd1+ 11. Kxd1 Bxc5 12. b4 Be7 13. Bb2 a6 14. Ke2 Nbd7 15. Rhd1 b5 16. Bd3 Bb7 17. Nce4 Bd5 18.
Rac1 Rec8 19. f3 Nb6 20. Nxf6+ Bxf6 21. Bxf6 gxf6 22. e4 Bb3 23. Re1 Bc4 24. Nh5 Bxd3+ 25. Kxd3 Nd7 26. Ke2 Kf8 27. Red1 Ke7 28. Nf4 Ne5 29.
Nd3 Nxd3 30. Kxd3 Kd6 31. Ke3+ Ke7 32. g3 Rab8 33. Kf4 Ra8 34. Kg4 Kf8 35. Rxc8+ Rxc8 36. Rd6 Ra8 37. Rb6 Kg7 38. Kh5 Ra7 39. h4 Ra8 40.
Kg4 Ra7 41. Kf4 Kf8 42. e5 Kg7 43. g4 Rc7 44. exf6+ Kxf6 45. Rxa6 Rc4+ 46. Kg3 Rc3 47. Ra7 h6 48. Kf4 Rc4+ 49. Ke3 Rc3+ 50. Ke4 Rb3 51. Ra5 Kg6 52. g5 h5 53. Ra6 Rc3 54. f4 Rc4+ 55. Ke5 Rc3 56. f5+ Kg7 57. fxe6 fxe6 58. Kxe6 Rc4 59. Kf5 Rxh4 60. Ra7+ Kf8 61. g6 Rh1 62.
Kg5 h4 63. g7+ Kg8 64. Kh6 1-0

[Event "*** Titled Tuesday Blitz"]
[Site "Chess.com"]
[Date "2021.03.09"]
[Round "4"]
[White "MerryPoppies"]
[Black "Tactictic"]
[Result "0-1"]
[WhiteElo "2192"]
[BlackElo "2420"]
[TimeControl "180+1"]
[EndTime "10:41:47 PST"]
[Termination "Tactictic won by resignation"]

1. d4 Nf6 2. c4 e6 3. Nc3 d5 4. Nf3 Be7 5. Bg5 h6 6. Bh4 O-O 7. e3 b6 8. cxd5 Nxd5 9. Nxd5 Bxh4 10. Nxh4 exd5 11. Nf3 c5 12. Be2 Ba6 13. O-O Bxe2 14. Qxe2 c4 15. Rfe1 Nc6 16. Rad1 Re8 17.
a3 b5 18. Qc2 b4 19. e4 dxe4 20. Rxe4 Qd5 21. Rde1 Rxe4 22. Rxe4 bxa3 23. bxa3 Rb8 24.
h3 g6 25. Rg4 Kg7 26. h4 Rb3 27. a4 Nb4 28. Qe2 Nd3 29. Nd2 Rb2 30. Re4 Qd6 31. Nxc4 Rb1+ 32. Qf1 Rxf1+ 33. Kxf1 Qd5 34. Nd2 Nb4 35. f3 Qa2 36. Ke2 Nd5 37. Re5 Nf4+ 38. Ke3 Nxg2+ 39. Ke2 Nxh4 40. d5 Nxf3 41. Kxf3 Qxd2 42.
d6 Qxd6 0-1

[Event "*** Titled Tuesday Blitz"]
[Site "Chess.com"]
[Date "2021.03.09"]
[Round "4"]
[White "Khnykin_Nikolay"]
[Black "Chernov_Alexander_A"]
[Result "0-1"]
[WhiteElo "2050"]
[BlackElo "2276"]
[TimeControl "180+1"]
[EndTime "10:41:47 PST"]
[Termination "Chernov_Alexander_A won on time"]

1. e4 c6 2. d4 d5 3. exd5 cxd5 4. c4 Nf6 5. Nf3 g6 6. Nc3 Bg7 7. Be2 O-O 8. O-O Nc6 9. Bf4 dxc4 10. Bxc4 Na5 11.
Be2 Be6 12. Qc2 Rc8 13. Rad1 Nd5 14. Be5 f6 15. Bg3 Bf7 16. Qd2 Nc4 17. Bxc4 Rxc4 18. Nxd5 Qxd5 19. Rc1 Rfc8 20. Rxc4 Qxc4 21. b3 Qc2 22. Qxc2 Rxc2 23. Ra1 Bd5 24. Ne1 Rc8 25. h3 Kf7 26. Kh2 h5 27. Nd3 b6 28. Nb4 Bb7 29. Bf4 g5 30. Be3 h4 31. g3 hxg3+ 32. fxg3 a5 33.
Nd3 Rc2+ 34. Kg1 Rg2+ 35. Kf1 Rxg3 36. Ke2 Rxh3 37. Bf2 Ba6 38. Rd1 g4 0-1

[Event "*** Titled Tuesday Blitz"]
[Site "Chess.com"]
[Date "2021.03.09"]
[Round "4"]
[White "cstevens1"]
[Black "MustafayevFarid2004"]
[Result "1-0"]
[WhiteElo "2615"]
[BlackElo "2442"]
[TimeControl "180+1"]
[EndTime "10:41:48 PST"]
[Termination "cstevens1 won by resignation"]

1. e4 c6 2. Nf3 d5 3. exd5 cxd5 4.
Ne5 Nc6 5. Bb5 Bd7 6. Nxd7 Qxd7 7. d4 Nf6 8. O-O e6 9. c3 Bd6 10. Nd2 Qc7 11. g3 O-O 12. Kg2 a6 13. Bd3 e5 14.
dxe5 Nxe5 15. Nf3 Rfe8 16. Nd4 Rad8 17. Bg5 Ned7 18. Qc2 h6 19. Bd2 Nc5 20. Rad1 Nxd3 21. Qxd3 Ne4 22. Be3 b5 23. Rfe1 Be5 24. Nf3 Bf6 25.
Bd4 Qc6 26. Bxf6 Qxf6 27. Qd4 Qf5 28. Re2 Kh7 29. Qd3 Kh8 30. Nd4 Qf6 31. Rde1 Rf8 32.
Qf3 Qg6 33. Qf5 Qd6 34. f3 g6 35. Qh3 Nc5 36. Qxh6+ Kg8 37. Re3 Qf6 38. h4 Na4 39. h5 Qg7 40. Qg5 gxh5 41. Qxh5 Qg6 42. Qxg6+ fxg6 43. Ne6 Nxb2 44. Nxd8 1-0

[Event "*** Titled Tuesday Blitz"]
[Site "Chess.com"]
[Date "2021.03.09"]
[Round "4"]
[White "Szparu"]
[Black "BrandonJacobson"]
[Result "0-1"]
[WhiteElo "2651"]
[BlackElo "2932"]
[TimeControl "180+1"]
[EndTime "10:41:50 PST"]
[Termination "BrandonJacobson won by resignation"]

1. d4 Nf6 2. Bg5 d5 3. Bxf6 exf6 4. e3 Be6 5. g3 Nd7 6. Bg2 Nb6 7. Ne2 Bd6 8. Nd2 c6 9. c3 Qe7 10. a4 a5 11. Qc2 g6 12. h4 h5 13. Qb3 Bc7 14.
Nf4 Bg4 15. Kf1 O-O 16. Re1 Rae8 17. Nd3 Bc8 18. Nc5 f5 19. Qd1 Kg7 20. Bf3 Nc4 21.
Nd3 Nd6 22. Nf4 Ne4 23. Nxe4 fxe4 24. Bg2 Bg4 25. Qb3 Bd6 26. Kg1 Rh8 27. Bh3 Bf3 28. Bg2 Bg4 29. Bh3 Rb8 30. Bxg4 hxg4 31. Qd1 Qd7 32. Kg2 b5 33. Qe2 bxa4 34. Ra1 a3 35.
bxa3 Rb3 36. c4 Bxf4 37. gxf4 g3 38. Kxg3 c5 39. Rad1 Rxa3 40. dxc5 d4 41. Rxd4 Qxd4 0-1

[Event "*** Titled Tuesday Blitz"]
[Site "Chess.com"]
[Date "2021.03.09"]
[Round "4"]
[White "BeanScreen"]
[Black "CroissantNeuf"]
[Result "1-0"]
[WhiteElo "2680"]
[BlackElo "2500"]
[TimeControl "180+1"]
[EndTime "10:41:50 PST"]
[Termination "BeanScreen won on time"]

1. e4 c5 2. Nf3 e6 3. d4 cxd4 4. Nxd4 Nf6 5. Nc3 Nc6 6. Ndb5 d6 7. Bf4 e5 8. Bg5 a6 9. Na3 b5 10. Nd5 Be7 11. Bxf6 Bxf6 12. c4 b4 13. Nc2 O-O 14.
Be2 Rb8 15. O-O g6 16. b3 Bg7 17. Re1 a5 18. Qd2 f5 19. Bf3 Ne7 20. Rad1 Bb7 21. Nxe7+ Qxe7 22. Qxd6 Qh4 23. g3 Qg5 24. h4 Qh6 25.
Bg2 f4 26. Qe6+ Kh8 27. Qe7 Bf6 28. Qc7 fxg3 29. fxg3 Bd8 30. Qxe5+ Bf6 31. Qxa5 Rbe8 32. Qxb4 Bc8 33. e5 Bxe5 34. Qb5 Qg7 35. Bc6 1-0

[Event "*** Titled Tuesday Blitz"]
[Site "Chess.com"]
[Date "2021.03.09"]
[Round "4"]
[White "Dyadya81"]
[Black "bsnsun"]
[Result "1-0"]
[WhiteElo "2723"]
[BlackElo "2453"]
[TimeControl "180+1"]
[EndTime "10:41:50 PST"]
[Termination "Dyadya81 won on time"]

1. e4 c5 2. Nc3 Nc6 3. Bb5 Nd4 4. Bc4 g6 5. Nf3 Bg7 6. Nxd4 cxd4 7. Qf3 f5 8. Ne2 Qa5 9. O-O e6 10. d3 Ne7 11.
Bf4 O-O 12. Bd6 Re8 13. b4 Qd8 14. e5 Nc6 15. Qg3 a6 16. a4 Bf8 17. b5 Bxd6 18.
exd6 Na5 19. Nxd4 Nxc4 20. dxc4 Qf6 21. Nb3 b6 22. Qe3 Rb8 23. f4 Bb7 24. Qe5 Qh4 25. Rf2 Rec8 26. c5 axb5 27. axb5 Bd5 28. Ra7 Rb7 29.
Rxb7 Bxb7 30. c6 dxc6 31. Qxe6+ Kg7 32. d7 Rd8 33. bxc6 Bxc6 34. Qxc6 Qe7 35. Qc3+ Kh6 36.
Rf3 g5 37. Nd4 Kg6 38. Nc6 Qe2 39. Nxd8 Qd1+ 40. Rf1 1-0

[Event "*** Titled Tuesday Blitz"]
[Site "Chess.com"]
[Date "2021.03.09"]
[Round "4"]
[White "Barbix1"]
[Black "Fiona"]
[Result "1-0"]
[WhiteElo "2433"]
[BlackElo "2206"]
[TimeControl "180+1"]
[EndTime "10:41:50 PST"]
[Termination "Barbix1 won by resignation"]

1. d4 d6 2. Nf3 Bg4 3. c4 Nd7 4. Qb3 Rb8 5. h3 Bxf3 6. Qxf3 Ngf6 7. Nc3 c6 8. e3 g6 9. Bd3 Bg7 10. O-O O-O 11. Bd2 e5 12. Rad1 Qe7 13. Bc1 Rbe8 14.
Bc2 e4 15. Qe2 d5 16. cxd5 cxd5 17. Bb3 Nb6 18. Qb5 Qd6 19. Bd2 Rd8 20. Rc1 Rfe8 21. Na4 Rc8 22. Bb4 Qd7 23. Qxd7 Nfxd7 24. Nc5 Rc7 25.
Nxd7 Rxd7 26. Bc5 Red8 27. a4 Bf8 28. a5 Nc8 29. Ba4 Rc7 30. Bxf8 Rxc1 31. Rxc1 Kxf8 32.
Rc7 Nd6 33. Bb3 Nc4 34. Bxc4 dxc4 35. Rxc4 Rd7 36. Kf1 Ke7 37. Ke2 Kd6 38. Rc5 f6 39. g4 b6 40. axb6 axb6 41. Rc3 Ra7 42. Ra3 Rc7 43. Kd2 h5 44. Ra6 Kc6 45. Ra8 hxg4 46.
hxg4 Rf7 47. Rg8 f5 48. Rxg6+ Kb5 49. Rg5 1-0

[Event "*** Titled Tuesday Blitz"]
[Site "Chess.com"]
[Date "2021.03.09"]
[Round "4"]
[White "Sam_ChessMood"]
[Black "Nozdrachev_Vladislav"]
[Result "1-0"]
[WhiteElo "2886"]
[BlackElo "2705"]
[TimeControl "180+1"]
[EndTime "10:41:51 PST"]
[Termination "Sam_ChessMood won by checkmate"]

1. Nf3 Nf6 2. d4 d5 3. c4 e6 4. Nc3 Be7 5. Bg5 O-O 6. e3 h6 7. Bxf6 Bxf6 8. Rc1 c6 9. Bd3 Nd7 10. O-O dxc4 11. Bxc4 e5 12. d5 Nb6 13. b3 Nxc4 14.
bxc4 Bg4 15. h3 Bh5 16. Ne4 Bg6 17. Nxf6+ Qxf6 18. Qb3 b6 19. Nd2 e4 20. Qc3 Qxc3 21.
Rxc3 Rfd8 22. Nb3 cxd5 23. c5 bxc5 24. Rxc5 Rab8 25. Rfc1 Kh7 26. Ra5 Rd7 27. Nd4 Rb2 28.
Rc2 Rb1+ 29. Kh2 h5 30. h4 f6 31. a4 Bf7 32. Nb5 Ra1 33. Nd4 Rb7 34. Kg3 g5 35. Ra6 Rb6 36. Rxa7 Kg6 37. Rcc7 gxh4+ 38. Kf4 Ra2 39.
f3 Rxg2 40. Rxf7 exf3 41. Rg7+ Kh6 42. Nf5# 1-0

[Event "*** Titled Tuesday Blitz"]
[Site "Chess.com"]
[Date "2021.03.09"]
[Round "4"]
[White "jposthuma"]
[Black "zacachess"]
[Result "1-0"]
[WhiteElo "2662"]
[BlackElo "2495"]
[TimeControl "180+1"]
[EndTime "10:41:51 PST"]
[Termination "jposthuma won on time"]

1. d4 Nf6 2. c4 e6 3. g3 Bb4+ 4. Nd2 Nc6 5. Nf3 O-O 6. Bg2 d6 7. O-O Bxd2 8. Bxd2 e5 9. d5 Ne7 10. Ne1 Bf5 11. Bg5 Ne4 12. Be3 Qd7 13. f3 Nf6 14.
Bg5 Bh3 15. e4 Ng6 16. Nd3 Ne8 17. c5 Bxg2 18. Kxg2 f5 19. Rc1 Nf6 20. c6 bxc6 21. Bxf6 Rxf6 22. dxc6 Qe6 23. Qb3 Qxb3 24. axb3 Rb8 25.
b4 Nf8 26. Ra1 fxe4 27. fxe4 Rxf1 28. Kxf1 Ra8 29. b5 Ne6 30. Nb4 Nd4 31. Ra5 Rb8 32. Rxa7 Rxb5 33. Nd5 Nxc6 34. Rxc7 Nd4 35. Rd7 1-0

[Event "*** Titled Tuesday Blitz"]
[Site "Chess.com"]
[Date "2021.03.09"]
[Round "4"]
[White "Leo_C"]
[Black "chessprincesa1"]
[Result "1-0"]
[WhiteElo "2444"]
[BlackElo "2244"]
[TimeControl "180+1"]
[EndTime "10:41:51 PST"]
[Termination "Leo_C won on time"]

1. e4 e5 2. Nf3 Nc6 3. Bc4 Bc5 4. O-O Nf6 5. d3 d6 6. c3 a6 7. Nbd2 O-O 8. a4 Rb8 9. b4 Ba7 10. Nb3 h6 11. b5 Ne7 12. Qe2 Bg4 13. h3 Be6 14.
Bxe6 fxe6 15. Be3 Bxe3 16. fxe3 Ng6 17. c4 axb5 18. axb5 Qe8 19. Ra7 Nh5 20. Qe1 Rf7 21.
Na5 b6 22. Nc6 Ra8 23. Rxa8 Qxa8 24. Qa1 Qf8 25. Qa7 Ng3 26. Rf2 Nh4 27. Qb8 Nxf3+ 28. Rxf3 Rxf3 29. gxf3 Qxb8 30. Nxb8 Ne2+ 31. Kf2 Nc1 32.
d4 exd4 33. exd4 Nb3 34. Ke3 Kf7 35. Na6 Na5 36. Kd3 e5 37. dxe5 dxe5 38. Nxc7 Kf6 39. Nd5+ Kg5 40. Nxb6 Kf4 41. Ke2 Kg3 42. c5 Kxh3 43.
c6 Kg3 44. c7 h5 45. c8=Q h4 46. Qg4+ 1-0

[Event "*** Titled Tuesday Blitz"]
[Site "Chess.com"]
[Date "2021.03.09"]
[Round "4"]
[White "kekic76"]
[Black "bylavochka"]
[Result "0-1"]
[WhiteElo "2338"]
[BlackElo "2217"]
[TimeControl "180+1"]
[EndTime "10:41:51 PST"]
[Termination "bylavochka won by checkmate"]

1. e4 c5 2. Nf3 d6 3. d4 cxd4 4. Nxd4 Nf6 5. Nc3 g6 6. f3 Bg7 7. Be3 Nc6 8. Qd2 O-O 9. Bc4 Bd7 10. O-O a6 11. a4 Rc8 12. Ba2 Na5 13. Kh1 Nc4 14.
Bxc4 Rxc4 15. Nce2 Rxa4 16. Rxa4 Bxa4 17. Qb4 Bc6 18.
Nxc6 bxc6 19. Qb7 Qa8 20. Qxe7 d5 21. e5 Re8 22. Qc7 Rc8 23. Qa5 Nd7 24. f4 c5 25. c3 Qc6 26. Ra1 Nb8 27. h3 f6 28.
exf6 Bxf6 29. Bg1 Qb5 30. Qxb5 axb5 31. Rd1 d4 32. cxd4 cxd4 33. Bxd4 Rd8 34. Rd2 Nc6 35. Be3 Rxd2 36. Bxd2 Bxb2 37. Kg1 b4 38. Kf2 b3 39. Nc1 Bd4+ 40. Ke2 b2 41. Nb3 b1=Q 42. Nxd4 Nxd4+ 43. Ke3 Ne6 44. g3 Qb3+ 45. Kf2 Qd3 46. Be3 Nd4 47.
h4 Qe2+ 48. Kg1 Nf3+ 49. Kh1 Qh2# 0-1

[Event "*** Titled Tuesday Blitz"]
[Site "Chess.com"]
[Date "2021.03.09"]
[Round "4"]
[White "arminmusovic"]
[Black "Shubinkirill2003"]
[Result "0-1"]
[WhiteElo "2504"]
[BlackElo "2685"]
[TimeControl "180+1"]
[EndTime "10:41:52 PST"]
[Termination "Shubinkirill2003 won by checkmate"]

1. a3 e5 2. Nc3 Nc6 3. e4 g6 4. Nf3 Bg7 5. d4 exd4 6. Nd5 h6 7. Bc4 Nge7 8. O-O O-O 9. Re1 d6 10. h3 Be6 11. Ba2 Kh7 12. Bf4 Bxd5 13. exd5 Ne5 14.
Nxe5 dxe5 15. Bxe5 Bxe5 16. Rxe5 Nf5 17. Qd3 Re8 18.
f4 Qh4 19. Rf1 Ne3 20. Rf2 Nf5 21. g4 Ne3 22. Rf3 Qe1+ 23. Kh2 Rad8 24. c3 Qh4 25. Kg1 Qe1+ 26. Kh2 Qh4 27. Rg3 c5 28. cxd4 cxd4 29. Bb1 Rxe5 30. fxe5 Rxd5 31. e6 Rg5 32. Qe4 Nf1+ 33.
Kg1 Qxg3+ 34. Kxf1 Qxh3+ 35. Ke1 Rxg4 36. Qxb7 Qe3+ 37. Kd1 Rg1+ 38. Kc2 Rc1# 0-1

[Event "*** Titled Tuesday Blitz"]
[Site "Chess.com"]
[Date "2021.03.09"]
[Round "4"]
[White "AlexPapasimakopoulos"]
[Black "volkanyirik"]
[Result "1-0"]
[WhiteElo "2585"]
[BlackElo "2403"]
[TimeControl "180+1"]
[EndTime "10:41:52 PST"]
[Termination "AlexPapasimakopoulos won by resignation"]

1. d4 Nf6 2. c4 c5 3. d5 b5 4. Nf3 d6 5. cxb5 a6 6. e3 g6 7. Nc3 Bg7 8. a4 O-O 9. Ra3 e6 10. dxe6 Bxe6 11. Be2 axb5 12. Bxb5 Na6 13. O-O Nb4 14.
Qe2 Qe7 15. e4 Rfd8 16. Rd1 h6 17. h3 Qb7 18. Bf4 Qb6 19. Raa1 Kh7 20. Bh2 Bb3 21. Rd2 Ra7 22. e5 Nh5 23. exd6 f5 24. Be5 Bxe5 25. Qxe5 Ng7 26. Re1 Nc2 27. Rc1 Nb4 28. h4 Nh5 29. d7 Qf6 30. Ne2 Bxa4 31. Qxc5 Bxb5 32. Qxa7 Bxe2 33.
Rxe2 Nf4 34. Re8 Ne6 35. Re1 Nc6 36. Qb7 Ne7 37. Qb6 Rxd7 38. Qxe6 Qxe6 39. Rxe6 Kg7 40. R6xe7+ Rxe7 41. Rxe7+ Kf6 42. Rb7 1-0

[Event "*** Titled Tuesday Blitz"]
[Site "Chess.com"]
[Date "2021.03.09"]
[Round "4"]
[White "ram1zan"]
[Black "amintabatabaei"]
[Result "0-1"]
[WhiteElo "2825"]
[BlackElo "3015"]
[TimeControl "180+1"]
[EndTime "10:41:53 PST"]
[Termination "amintabatabaei won on time"]

1. e4 c6 2. d4 d5 3. exd5 cxd5 4. Bd3 Nf6 5. c3 Nc6 6. h3 g6 7. Qc2 e5 8. dxe5 Nxe5 9. Qe2 Qe7 10. Bb5+ Bd7 11.
Bxd7+ Nfxd7 12. Be3 Bg7 13. Nd2 Nc5 14. Bxc5 Nd3+ 15. Kd1 Qxe2+ 16. Kxe2 Nxc5 17. Ngf3 O-O-O 18. Rhd1 Rhe8+ 19. Kf1 Na4 20. Rab1 d4 21. cxd4 Bxd4 22. Rbc1+ Kb8 23. Nxd4 Rxd4 24. Rc2 Red8 25. Ke1 b6 26. Rb1 Nc5 27. Nf3 Re4+ 28. Kf1 f6 29. Re1 Rxe1+ 30.
Kxe1 Nd3+ 31. Kf1 Nb4 32. Re2 Rd1+ 33. Ne1 Nxa2 34. Re7 Nb4 35. Ke2 Rb1 36. Rxh7 a5 37.
Nf3 Rxb2+ 38. Ke3 Nc6 39. Ke4 a4 40. Kd5 Rc2 0-1

[Event "*** Titled Tuesday Blitz"]
[Site "Chess.com"]
[Date "2021.03.09"]
[Round "4"]
[White "kayrakamer"]
[Black "BillieKimbah"]
[Result "1/2-1/2"]
[WhiteElo "2701"]
[BlackElo "2874"]
[TimeControl "180+1"]
[EndTime "10:41:53 PST"]
[Termination "Game drawn by repetition"]

1. e4 e5 2. Nf3 Nc6 3. Bb5 a6 4. Ba4 Nf6 5. Bxc6 dxc6 6. d3 Qd6 7. Nbd2 Be6 8. b3 Nd7 9. a4 c5 10. Bb2 f6 11. h4 Be7 12. h5 O-O-O 13. Nc4 Qc6 14.
h6 g5 15. Qe2 Nb8 16. O-O-O Qd7 17. Na5 b6 18. Nc4 Nc6 19. Ne3 Nd4 20. Nxd4 cxd4 21. Nc4 b5 22. axb5 axb5 23. Nd2 Kb7 24. g3 Ra8 25. f4 Ra2 26. Nb1 Rha8 27. f5 Bf7 28. c4 dxc3 29. Nxc3 Bxb3 30. Nxa2 Rxa2 31. Rd2 Qc6+ 32. Kb1 Bb4 33. Rc1 Qa6 34. Rdc2 Bd6 35. Rc3 Qa4 36. Qd2 Kb8 37. Rc6 Ba3 38. Rxc7 Rxb2+ 39.
Qxb2 Bxb2 40. Rc8+ Kb7 41. R1c7+ Kb6 42. Rc6+ Kb7 43.
R6c7+ Kb6 44. Rc6+ Kb7 45. R6c7+ 1/2-1/2

[Event "*** Titled Tuesday Blitz"]
[Site "Chess.com"]
[Date "2021.03.09"]
[Round "4"]
[White "vugarrasulov"]
[Black "FMJoseHerrera"]
[Result "1-0"]
[WhiteElo "2860"]
[BlackElo "2525"]
[TimeControl "180+1"]
[EndTime "10:41:54 PST"]
[Termination "vugarrasulov won on time"]

1. d4 Nf6 2. c4 c5 3. d5 b5 4. Nf3 g6 5. Qc2 Bg7 6. e4 O-O 7. cxb5 a6 8. bxa6 Bxa6 9. Nc3 Qa5 10. Bxa6 Qxa6 11. e5 Ne8 12. h4 e6 13. h5 Nc7 14. hxg6 fxg6 15. d6 Nb5 16. Bh6 Nd4 17.
Nxd4 cxd4 18. Bxg7 Kxg7 19. Qd2 h5 20. Qxd4 Nc6 21.
Qe4 Rf5 22. f4 Rb8 23. O-O-O Rb4 24. Qe2 Rc4 25. Kb1 Rfxf4 26. Rhf1 Qb6 27. Rxf4 Rxf4 28. Ne4 Nxe5 29. g3 Rf3 30. Ng5 Re3 31. Qc2 Rxg3 32. Nxe6+ dxe6 33. Qc7+ Nd7 34. Qxd7+ Kh6 35. Qxe6 Rg2 36.
Qb3 Qd8 37. d7 h4 38. Qe3+ Rg5 39. Qe8 1-0